 Dungeon Crawl Stone Soup version 0.28.0-43-g3370ac3207 (webtiles) character file.

Game seed: 4746587716943716492

10064 fknight the Spear-Bearer (level 11, -7/133 HPs)
             Began as a Human Berserker on Mar 16, 2022.
             Was a Priest of Trog.
             Mangled by a seven-headed hydra (9 damage)
             ... on level 2 of the Lair of Beasts.
             The game lasted 00:56:41 (14839 turns).

fknight the Spear-Bearer (Human Berserker)         Turns: 14839, Time: 00:56:43

Health: -7/133     AC: 22    Str: 20    XL:     11   Next: 86%
Magic:  11/11      EV: 11    Int:  7    God:    Trog [***...]
Gold:   517        SH:  0    Dex: 21    Spells: 10/10 levels left

rFire   + . .      SeeInvis .   T - +2 mace
rCold   + + .      Faith    .   (no shield)
rNeg    . . .      Spirit   .   X - +1 plate armour
rPois   +          Reflect  .   q - +0 helmet
rElec   .          Harm     .   G - +2 cloak
rCorr   .          Rampage  .   (no gloves)
Will    +....                   t - +1 pair of boots
Stlth   ..........              (no amulet)
HPRegen 0.32/turn               L - ring of Oclil {rPois rC+ Dex+6}
MPRegen 0.12/turn               N - ring of protection from cold

@: berserking (expiring), studying Polearms, very quick
A: fire resistance 1, strong-willed 1
a: Renounce Religion, Berserk, Trog's Hand


You were on level 2 of the Lair of Beasts.
You worshipped Trog.
Trog was most pleased with you.
You visited 2 branches of the dungeon, and saw 11 of its levels.
You also visited: Sewer.

You collected 517 gold pieces.

Inventory:

Hand Weapons
 a - a +3 spear
 c - a +2 short sword of protection
 d - a +0 hunting sling
 e - a +0 short sword of electrocution
 h - a +0 trident
 p - a +0 hunting sling
 u - a +2 vampiric dagger
 D - the +8 glaive of Yrilupaahi {holy, rF+ Dex+4}
   (You acquired it on level 2 of the Lair of Beasts)

   It has been blessed by the Shining One to cause great damage to the undead
   and demons.
   Dex:       It affects your dexterity (+4).
   rF:        It protects you from fire.
 J - a +0 hand crossbow
 M - a +3 falchion
 S - a +3 rapier
 T - a +2 mace (weapon)
 U - a +3 falchion
 V - a +0 vorpal morningstar
 W - a +2 dagger of venom
Missiles
 b - 47 sling bullets
 f - 266 stones
 r - 5 javelins
 A - a curare-tipped dart
 F - 17 poisoned darts
 H - 12 boomerangs (quivered)
 K - 49 bolts
Armour
 q - a +0 helmet (worn)
 s - the -2 hat of the Alchemist {rElec rPois rF+ rC+ rN+ Will+ rMut rCorr}
   (You found it on level 2 of the Dungeon)

   rF:        It protects you from fire.
   rC:        It protects you from cold.
   rElec:     It insulates you from electricity.
   rPois:     It protects you from poison.
   rN:        It protects you from negative energy.
   rCorr:     It protects you from acid and corrosion.
   rMut:      It protects you from mutation.
   Will:      It increases your willpower.
 t - a +1 pair of boots (worn)
 y - a +0 buckler
 G - a +2 cloak (worn)
 I - a +2 robe of the Archmagi
 X - a +1 plate armour (worn)
Jewellery
 w - a +6 ring of intelligence
 L - the ring of Oclil (left hand) {rPois rC+ Dex+6}
   (You acquired it on level 6 of the Dungeon)

   [ring of poison resistance]

   Dex:       It affects your dexterity (+6).
   rC:        It protects you from cold.
   rPois:     It protects you from poison.
 N - a ring of protection from cold (right hand)
Wands
 x - a wand of charming (13)
 O - a wand of flame (5)
 P - a wand of mindburst (26)
Scrolls
 j - 4 scrolls of teleportation
 z - a scroll of fear
 E - a scroll of fog
Potions
 g - 2 potions of flight {unknown}
 i - 4 potions of curing
 k - 4 potions of cancellation
 l - a potion of invisibility
 m - a potion of mutation
 n - 4 potions of lignification
 o - 3 potions of haste
 v - 2 potions of degeneration {unknown}
 B - 2 potions of resistance
 C - a potion of magic {unknown}


   Skills:
 + Level 9.5 Fighting
 + Level 11.9 Polearms
 + Level 9.2 Armour
 + Level 9.3 Dodging


You had 10 spell levels left.
You didn't know any spells.
Your spell library was empty.

Dungeon Overview and Level Annotations

Branches:
Dungeon (9/15)             Temple (0/1) D:4            Lair (1/6) D:8
  Sewer (visited)
    Orc: D:9-12

Altars:
Ashenzari
Elyvilon
Fedhas
Kikubaaqudgha
Sif Muna
Trog
Vehumet
Wu Jian
Zin
The Shining One

Shops:
D:1 [


Innate Abilities, Weirdness & Mutations

Your flesh is heat resistant. (rF+)
You are strong-willed. (Will+)


Message History

You resist with almost no effort.
The blink frog blinks!
The seven-headed hydra bites you.
The seven-headed hydra bites you but does no damage. x3
The seven-headed hydra bites you!
* * * LOW HITPOINT WARNING * * *
The seven-headed hydra bites you but does no damage. x2
You hit the basilisk.
The basilisk is severely wounded.
The blink frog barely misses you. The basilisk barely misses you.
The seven-headed hydra bites you but does no damage.
The seven-headed hydra bites you.
* * * LOW HITPOINT WARNING * * *
The seven-headed hydra bites you but does no damage.
The seven-headed hydra bites you.
* * * LOW HITPOINT WARNING * * *
The seven-headed hydra bites you but does no damage. x2
The seven-headed hydra barely misses you.
The blink frog hits you but does no damage.
You hit the basilisk.
The basilisk is severely wounded.
The blink frog hits you but does no damage.
The basilisk barely misses you. The blink frog hits you.
* * * LOW HITPOINT WARNING * * *
The seven-headed hydra bites you but does no damage.
The seven-headed hydra bites you!
* * * LOW HITPOINT WARNING * * *
The seven-headed hydra bites you but does no damage. x2
The seven-headed hydra misses you.
The seven-headed hydra bites you but does no damage. x2
The blink frog hits you!
* * * LOW HITPOINT WARNING * * *
The blink frog blinks!
Okay, then.
You sock the basilisk!
You kill the basilisk!
Trog accepts your kill.
The blink frog hits you but does no damage.
The seven-headed hydra bites you but does no damage. x2
The seven-headed hydra bites you!
You die...

♣..≈≈♣......#
♣..........#
#..........# #
#.....## ##......####
###.F......#.#
##...†.#.....#### ###
##...†D###P....#.###..
###...§@##
###..†.......
##.....F## ##.........
###.......# ##........
#........## ##.......
###......### #.##P#..#
####P.......## ##
###### ##.........P#.#
#.#.......#####
##........#


You could see a seven-headed hydra and 2 blink frogs.

Vanquished Creatures
  A hydra (Lair:1)
  A skeletal warrior (D:9)
  A phantasmal warrior (D:9)
  2 black mambas (Lair:1)
  2 cane toads (Lair:1)
  A rime drake (Lair:1)
  2 freezing wraiths (D:9)
  2 komodo dragons
  A polar bear (D:8)
  A blink frog (Lair:2)
  Prince Ribbit (D:5)
  3 yaks (D:8)
  A basilisk (Lair:2)
  A steam dragon (D:7)
  Menkaure (D:5)
  5 water moccasins
  4 orc warriors
  2 sky beasts
  4 black bears
  2 ogres
  A necrophage (D:6)
  2 centaurs (D:7)
  5 wolves (Lair:2)
  A phantom (D:5)
  2 kobold brigands
  8 bullfrogs
  A scorpion (D:4)
  A water moccasin zombie (D:6)
  11 wights
  6 killer bees
  A howler monkey (D:7)
  A centaur zombie (D:5)
  A jelly (D:5)
  A hound (D:6)
  3 orc priests
  2 centaur skeletons
  A gnoll shaman (D:4)
  An iguana (D:7)
  3 orc wizards (D:7)
  A killer bee zombie (D:8)
  A howler monkey zombie (D:7)
  Robin (D:2)
  7 gnolls
  13 adders
  3 river rats
  A shadow imp (D:7)
  8 white imps
  4 ufetubi
  An adder skeleton (D:4)
  4 worms
  3 dart slugs
  28 orcs
  14 ball pythons
  9 bats
  7 endoplasms
  7 giant cockroaches
  16 goblins
  7 hobgoblins
  2 jackals (D:1)
  19 kobolds
  8 quokkas
  3 frilled lizards
  A jackal skeleton (D:4)
  8 rats
266 creatures vanquished.

Vanquished Creatures (collateral kills)
  An ufetubus (D:5)
1 creature vanquished.

Vanquished Creatures (others)
  30 fungi
  56 plants (D:8)
86 creatures vanquished.

Grand Total: 353 creatures vanquished

Notes
Turn   | Place    | Note
-------+----------+-------------------------------------------
     0 | D:1      | fknight the Human Berserker began the quest for the Orb.
     0 | D:1      | Reached XP level 1. HP: 18/18 MP: 1/1
    42 | D:1      | Found Irighitz's Antique Armour Shoppe.
    70 | D:1      | Reached XP level 2. HP: 18/24 MP: 2/2
   315 | D:1      | Found a faded altar of an unknown god.
   658 | D:1      | Reached XP level 3. HP: 15/29 MP: 3/3
  1875 | D:2      | Reached ** piety under Trog
  1882 | D:2      | Reached XP level 4. HP: 25/35 MP: 4/4
  2018 | D:2      | Noticed Robin
  2059 | D:2      | Killed Robin
  2375 | D:2      | Reached XP level 5. HP: 39/42 MP: 5/5
  2419 | D:2      | Found the -2 hat of the Alchemist {rElec rPois rF+ rC+ rN+
                  | Will+ rMut rCorr}
  3674 | D:3      | Reached skill level 4 in Polearms
  3931 | D:4      | Found a glowing drain.
  3964 | D:4      | Reached XP level 6. HP: 48/48 MP: 6/6
  4003 | Sewer    | Entered a sewer
  4007 | Sewer    | Reached *** piety under Trog
  5092 | D:4      | Reached XP level 7. HP: 55/55 MP: 7/7
  5719 | D:4      | Found a staircase to the Ecumenical Temple.
  5791 | D:4      | Reached **** piety under Trog
  6002 | D:5      | Entered Level 5 of the Dungeon
  6002 | D:5      | Noticed Prince Ribbit
  6053 | D:5      | Reached skill level 5 in Polearms
  6250 | D:5      | Reached skill level 5 in Fighting
  6255 | D:5      | Reached XP level 8. HP: 62/62 MP: 8/8
  6501 | D:5      | Reached skill level 5 in Armour
  6501 | D:5      | Reached skill level 5 in Dodging
  6621 | D:5      | Killed Prince Ribbit
  6890 | D:5      | Noticed Menkaure
  6900 | D:5      | Killed Menkaure
  6901 | D:5      | Reached skill level 6 in Polearms
  7086 | D:5      | Reached XP level 9. HP: 49/69 MP: 9/9
  7349 | D:6      | Identified 2 scrolls of acquirement
  7349 | D:6      | Acquired the ring of Oclil {rPois rC+ Dex+6}
  7352 | D:6      | Acquired a manual of Polearms
  8120 | D:6      | Found a bloodstained altar of Trog.
  8299 | D:6      | Reached skill level 7 in Polearms
  9289 | D:7      | Reached skill level 8 in Polearms
  9390 | D:7      | Reached XP level 10. HP: 60/79 MP: 10/10
 10154 | D:7      | Found a blossoming altar of Fedhas.
 10155 | D:7      | Found a broken altar of Ashenzari.
 10256 | D:8      | Found an ornate altar of the Wu Jian Council.
 10332 | D:8      | Reached skill level 9 in Polearms
 10405 | D:8      | Noticed a komodo dragon
 10419 | D:8      | Killed a komodo dragon
 10676 | D:8      | Gained mutation: Your flesh is heat resistant. (rF+)
                  | [potion of mutation]
 10676 | D:8      | Gained mutation: You are strong-willed. (Will+) [potion of
                  | mutation]
 10819 | D:8      | Found an ancient bone altar of Kikubaaqudgha.
 10833 | D:8      | Found a shimmering blue altar of Sif Muna.
 10882 | D:8      | Found a radiant altar of Vehumet.
 11260 | D:8      | Reached skill level 10 in Polearms
 11398 | D:8      | Found a staircase to the Lair.
 11494 | D:8      | Found a glowing silver altar of Zin.
 11509 | D:8      | Found a white marble altar of Elyvilon.
 11510 | D:8      | Found a glowing golden altar of the Shining One.
 11563 | D:9      | Noticed a phantasmal warrior
 11563 | D:9      | Noticed a skeletal warrior
 11563 | D:9      | Noticed a freezing wraith
 11577 | D:9      | Killed a phantasmal warrior
 11578 | D:9      | Reached XP level 11. HP: 71/87 MP: 11/11
 11591 | D:9      | Killed a skeletal warrior
 12142 | D:9      | Noticed a death knight
 12671 | Lair:1   | Entered Level 1 of the Lair of Beasts
 12715 | Lair:1   | Reached skill level 11 in Polearms
 13878 | Lair:1   | Noticed a six-headed hydra
 14249 | Lair:1   | Killed a six-headed hydra
 14633 | Lair:1   | You fall into a shaft and drop 1 floor!
 14659 | Lair:2   | Acquired the +8 glaive of Yrilupaahi {holy, rF+ Dex+4}
 14822 | Lair:2   | Noticed a seven-headed hydra
 14838 | Lair:2   | HP: 2/133 [blink frog (12)]
 14839 | Lair:2   | Mangled by a seven-headed hydra

Illustrated notes

Levels and vault maps discovered:
D:1:      elethiomel_arrival_infinity_welcomes_careful_drivers,
          layout_loops_corners, serial_shops, shop,
          ebering_ecumenical_altar_box, corexii_item_surrounded_by_moat,
          minmay_close_crescents
D:2:      layout_basic, serial_glass, glass_columns_c, glass_columns_a,
          minmay_strange_pillars, feat_on_display, minmay_strange_pillars,
          item_on_display_a, uniq_robin
D:3:      wad_pebble_path, layout_basic, serial_bayou_crossing
D:4:      layout_basic, minmay_temple_entry_offerings, portal_sewer_entry_c
D:5:      layout_rooms, minmay_misc_feat_room, hangedman_glass_teeth,
          uniq_prince_ribbit1, uniq_menkaure
D:6:      layout_gridville, mainiacjoe_overflow_brackets
D:7:      layout_rooms, gammafunk_temple_overflow_wave
D:8:      layout_loops_ring, good_gods_temple_1,
          grunt_temple_overflow_magic_moments, mainiacjoe_overflow_chevrons,
          due_lair_maze_entry_diamond, serial_ice, serial_ice_h, serial_ice_g,
          serial_ice_j, serial_ice_e
D:9:      layout_irregular_city, slow_altar_2, nicolae_lava_and_water
Lair:1:   layout_concentric_octagons, patterned_corridor, grunt_megastairs_3
Lair:2:   layout_hall_layers, dummy_spider_entry, nicolae_quartered_pool_medium,
          grunt_megastairs_5, lemuel_fruit_fields

Skill      XL: |  1  2  3  4  5  6  7  8  9 10 11 |
---------------+----------------------------------+-----
Dodging        | 3 4 5 6 8 9 |  9.3
Armour         | 3 4 5 6 8 9 |  9.2
Polearms       | 4 5 6 8 10 11 | 11.9
Fighting       | 4 5 6 7 8 9 |  9.5

Action                   |  1- 3 |  4- 6 |  7- 9 | 10-12 || total
-------------------------+-------+-------+-------+-------++-------
Melee: Spear             |    35 |       |   108 |   517 ||   660
       Trident           |    87 |   275 |   332 |       ||   694
       Punch             |       |     2 |     1 |       ||     3
       Glaive            |       |       |       |    19 ||    19
       Mace              |       |       |       |    17 ||    17
 Fire: Hand crossbow     |       |       |     6 |       ||     6
Throw: Stone             |       |    50 |     3 |       ||    53
       Boomerang         |       |       |    26 |    24 ||    50
Invok: Berserk           |       |     3 |     9 |     8 ||    20
       Trog's Hand       |       |       |     4 |     5 ||     9
       Brothers in Arms  |       |       |     1 |       ||     1
Evoke: Wand              |       |       |     1 |     4 ||     5
  Use: Scroll            |       |     4 |     9 |    10 ||    23
       Potion            |       |       |     2 |     4 ||     6
 Stab: Invisible         |       |       |     8 |     4 ||    12
Armor: Animal skin       |    16 |       |       |       ||    16
       Ring mail         |     3 |    46 |       |       ||    49
       Chain mail        |       |    75 |   242 |     5 ||   322
       Plate armour      |       |       |       |   275 ||   275
Dodge: Dodged            |    79 |   110 |   199 |   207 ||   595
Block: Buckler           |       |       |    31 |    69 ||   100
